 Dungeon Crawl Stone Soup version 0.26-a0-412-ga3d1f51b80 (webtiles) character file.

Game seed: 8881897258252990851

67 ReteAZ the Skirmisher (level 3, -1/26 HPs)
             Began as a Demonspawn Chaos Knight on July 24, 2020.
             Was a Plaything of Xom.
             Slain by an ufetubus (5 damage)
             ... summoned by Xom
             ... on level 1 of the Dungeon.
             The game lasted 00:04:18 (10427 turns).

ReteAZ the Skirmisher (Demonspawn Chaos Knight)    Turns: 10427, Time: 00:04:19

Health: -1/26      AC:  5    Str: 10 (13) XL:     3   Next: 98%
Magic:  3/3        EV: 11    Int: 13 (15) God:    Xom [.*....]
Gold:   212        SH:  0    Dex:  6 (14) Spells: 2/2 levels left

rFire    . . .     SeeInvis .   a - +0 falchion (chaos)
rCold    . . .     Faith    .   (no shield)
rNeg     . . .     Spirit   .   b - +2 leather armour
rPois    .         Reflect  .   (helmet restricted)
rElec    .         Harm     .   (no cloak)
rCorr    .                      (no gloves)
MR       .....                  (no boots)
Stlth    +.........             (no amulet)
HPRegen  0.08/turn              (no ring)
MPRegen  0.08/turn              (no ring)

@: no status effects
A: horns 1, agile 1, blurry vision 1, clever 1, deterioration 2, frail 1, wild
magic 2, rot immunity
a: Renounce Religion


You were on level 1 of the Dungeon.
You worshipped Xom.
You were a plaything of Xom.
You visited 1 branch of the dungeon, and saw 2 of its levels.

You collected 212 gold pieces.

Inventory:

Hand Weapons
 a - a +0 falchion of chaos (weapon)
Missiles
 e - 18 poisoned darts (quivered)
Armour
 b - a +2 leather armour (worn)
Jewellery
 n - a cursed ring of attention {unknown}
Scrolls
 c - a scroll of identify {unknown}
 f - 2 scrolls of remove curse {unknown}
 g - 3 scrolls of teleportation {unknown}
 h - a scroll of amnesia {unknown}
 i - 2 scrolls of enchant armour {unknown}
 l - 2 scrolls of enchant weapon {unknown}
 m - 2 scrolls of fear {unknown}
Potions
 j - 2 potions of flight
 k - a potion of brilliance


   Skills:
 + Level 3.5 Fighting
 + Level 3.1 Long Blades
 + Level 2.4 Armour
 + Level 1.8 Dodging


You had 2 spell levels left.
You didn't know any spells.
Your spell library was empty.

Dungeon Overview and Level Annotations

Branches:
Dungeon (2/15)

Altars:
Xom
Yredelemnul


Innate Abilities, Weirdness & Mutations

You are immune to rotting.
You have a pair of small horns on your head.
You are agile. (Dex +2)
Scrolls take you a little longer to read.
Your mind is acute. (Int +2)
Your body often deteriorates upon taking damage.
You are frail. (-10% HP)
Your spells are harder to cast, but more powerful.


Message History

The ufetubus hits you but does no damage.
The ufetubus barely misses you. The ufetubus hits you.
* * * LOW HITPOINT WARNING * * *
You hit the ufetubus but do no damage.
The ufetubus suddenly seems more agile.
The ufetubus barely misses you. The ufetubus closely misses you.
The ufetubus misses you. The ufetubus hits you.
* * * LOW HITPOINT WARNING * * *
You barely miss the ufetubus. The ufetubus barely misses you.
The ufetubus misses you. The ufetubus hits you.
* * * LOW HITPOINT WARNING * * *
The ufetubus closely misses you.
You miss the ufetubus. Your headbutt misses the ufetubus.
The ufetubus hits you.
* * * LOW HITPOINT WARNING * * *
The ufetubus hits you but does no damage.
The ufetubus misses you.
The ufetubus hits you but does no damage.
You miss the ufetubus. The ufetubus barely misses you. The ufetubus hits you.
You die... "It was about time."

#######
#...... ♣♣♣
#.####. #♣<♣#
#.####. #8@8#
#...##. ##5##
#...##. #.#
#...##. #.#
#...##.
####.########
#.#....
#..........(#
#.#.###
#.#########.#
#.#.... #.#
#.# #.#.###
#.# #.# #.#.#


You could see an ufetubus (summoned, agile).

Vanquished Creatures
  2 adders (D:2)
  A worm (D:2)
  A dart slug (D:1)
  A leopard gecko (D:2)
  A giant cockroach (D:2)
  5 goblins
  3 hobgoblins
  8 jackals
  7 kobolds
  A ball python (D:2)
  4 bats
  6 rats
40 creatures vanquished.

Notes
Turn   | Place    | Note
-------+----------+-------------------------------------------
     0 | D:1      | ReteAZ the Demonspawn Chaos Knight began the quest for the
                  | Orb.
     0 | D:1      | Reached XP level 1. HP: 18/18 MP: 1/1
    45 | D:1      | Reached skill level 1 in Dodging
   152 | D:1      | XOM: divination: detect creatures
   223 | D:1      | XOM: potion effect (haste)
   434 | D:1      | Gained mutation: You are immune to rotting. [demonic
                  | ancestry]
   434 | D:1      | Reached XP level 2. HP: 24/24 MP: 2/2
   487 | D:1      | XOM: god gift: scroll labeled PITA ALYGGE {god gift}
   657 | D:1      | You fall into a shaft and drop 1 floor!
   737 | D:2      | XOM: 6-stop teleportation journey
   743 | D:2      | Reached XP level 3. HP: 24/29 MP: 3/3
   831 | D:2      | Found a basalt altar of Yredelemnul.
   952 | D:2      | HP: 2/43 [worm (7)]
  1476 | D:2      | XOM: silly message
  1550 | D:2      | XOM: god gift: 47 gold pieces
  1587 | D:2      | XOM: silly message
  2230 | D:1      | XOM: divination: detect items
  2367 | D:1      | XOM: give mutations
  2367 | D:1      | Gained mutation: Your spells are a little harder to cast,
                  | but a little more powerful. [Xom's grace]
  2367 | D:1      | Gained mutation: Your spells are harder to cast, but more
                  | powerful. [Xom's grace]
  3710 | D:1      | XOM: give mutations
  3710 | D:1      | Gained mutation: You are agile. (Dex +2) [Xom's grace]
  3710 | D:1      | Gained mutation: You passively map a small area around you.
                  | [Xom's grace]
  3710 | D:1      | Gained mutation: Your muscles are strong. (Str +2) [Xom's
                  | grace]
  3947 | D:1      | XOM: 6-stop teleportation journey
  4135 | D:1      | XOM: scenery: summon butterflies
  4354 | D:1      | XOM: scenery: summon butterflies
  4585 | D:1      | XOM: cloud trail
  4621 | D:1      | XOM: god gift: 31 gold pieces
  4845 | D:1      | XOM is BORED!
  4845 | D:1      | XOM: noise
  4981 | D:1      | XOM: divination: detect items
  5856 | D:1      | XOM is BORED!
  5856 | D:1      | XOM: give mutation
  5856 | D:1      | Gained mutation: Your body sometimes deteriorates upon
                  | taking damage. [Xom's mischief]
  5879 | D:1      | XOM: scenery: create altars
  6038 | D:1      | XOM: god gift: 30 gold pieces
  6446 | D:1      | XOM: scenery: create altars
  6449 | D:1      | XOM: cloud trail
  7070 | D:1      | XOM: divination: detect creatures
  7360 | D:1      | XOM is BORED!
  7360 | D:1      | XOM: give mutations
  7360 | D:1      | Gained mutation: Scrolls take you a little longer to read.
                  | [Xom's mischief]
  7360 | D:1      | Gained mutation: You are frail. (-10% HP) [Xom's mischief]
  7360 | D:1      | Gained mutation: Your body often deteriorates upon taking
                  | damage. [Xom's mischief]
  7765 | D:1      | XOM: summons 2 hostile demons
  8362 | D:1      | XOM: give mutations
  8362 | D:1      | Gained mutation: You have a pair of small horns on your
                  | head. [Xom's mischief]
  8362 | D:1      | Lost mutation: You passively map a small area around you.
                  | [Xom's mischief]
  8775 | D:1      | XOM: summons 3 hostile shadow creatures
  8872 | D:1      | XOM: summons 2 hostile demons
  8888 | D:1      | HP: 1/26 [iron imp[Xom] (5)]
  8888 | D:1      | XOM: smoke on damage
  9639 | D:1      | XOM: give mutations
  9639 | D:1      | Gained mutation: Your mind is acute. (Int +2) [Xom's
                  | mischief]
  9639 | D:1      | Lost mutation: Your muscles are strong. (Str +2) [Xom's
                  | mischief]
  9639 | D:1      | Lost mutation: Your spells are harder to cast, but more
                  | powerful. [Xom's mischief]
  9714 | D:1      | XOM: noise
 10178 | D:1      | XOM: give mutations
 10178 | D:1      | Gained mutation: Your spells are harder to cast, but more
                  | powerful. [Xom's mischief]
 10178 | D:1      | Gained mutation: Your mind is very acute. (Int +4) [Xom's
                  | mischief]
 10178 | D:1      | Lost mutation: Your mind is very acute. (Int +4) [Xom's
                  | mischief]
 10410 | D:1      | XOM: summons 2 hostile demons
 10412 | D:1      | XOM: butterfly on damage
 10427 | D:1      | Slain by an ufetubus

Illustrated notes

Levels and vault maps discovered:
D:1:      saegor_arrival_simple_b, layout_basic
D:2:      layout_basic, yredelemnul_altar_generic, minmay_heptomino_w4

Skill      XL: |  1  2 |
---------------+-------+-----
Dodging        | 1 |  1.8
Armour         | 2 |  2.4
Long Blades    | 3 |  3.1
Fighting       | |  3.5

Action                   || total
-------------------------++-------
Melee: Falchion          ||   193
       Headbutt          ||     4
Throw: Dart              ||    12
  Use: Potion            ||     6
 Stab: Sleeping          ||     1
       Paralysed         ||     3
Armor: Leather armour    ||   126
       Skin              ||     4
Dodge: Dodged            ||   170
       Rpst.: Falchion   ||    41

Table legend: (Time is in decaauts)
 A = Elapsed time spent in this place.
 B = Non-inter-level travel time spent in this place.
 C = Inter-level travel time spent in this place.
 D = Time resting spent in this place.
 E = Time spent auto-exploring this place.
 F = Levels seen in this place.
 G = Mean time per level.
                   A        B        C        D        E       F      G
               +--------+--------+--------+--------+--------+-----+--------+
         Total |  10436 |  10408 |     28 |   8400 |   1466 |   2 | 5218.0 |
       Dungeon |  10436 |  10408 |     28 |   8400 |   1466 |   2 | 5218.0 |
               +--------+--------+--------+--------+--------+-----+--------+

Top non-repeatable levels by time:
     D:1: 9284 daAuts
     D:2: 1152 daAuts
